 Dungeon Crawl Stone Soup version 0.18.1-8-gdd0e5ea (webtiles) character file.

80098 tyrsky the Fencer (level 15, -16/145 HPs)
             Began as a Minotaur Fighter on May 24, 2016.
             Was the Champion of Okawaru.
             Killed from afar by a fire dragon (42 damage)
             ... with a blast of flame
             ... on level 15 of the Dungeon.
             The game lasted 00:57:46 (22501 turns).

tyrsky the Fencer (Minotaur Fighter)               Turns: 22501, Time: 00:57:47

Health: -16/145    AC: 41    Str: 31    XL:     15   Next: 22%
Magic:  14/14      EV: 12    Int:  7    God:    Okawaru [******]
Gold:   1074       SH:  0    Dex:  9    Spells: 0 memorised, 14 levels left

rFire  . . .     SeeInvis .     L - +3 triple sword (protect)
rCold  . . .     Gourm    .     I - +9 plate armour {ponderous}
rNeg   . . .     Faith    .     (shield currently unavailable)
rPois  .         Spirit   .     (helmet unavailable)
rElec  .         Dismiss  .     S - +1 cloak {+Inv}
rCorr  .         Reflect  .     Y - +0 pair of gloves {Str+3}
SustAt .         Harm     .     y - +0 pair of boots
MR     +....                    C - amulet of rage
Stlth  ..........               s - +5 ring of slaying
                                j - +4 ring of protection

@: slow, somewhat resistant to hostile enchantments, extremely unstealthy
A: retaliatory headbutt, horns 3, thin metallic scales 1, clever 1
a: Heroism, Finesse, Renounce Religion, Evoke Berserk Rage, Evoke Invisibility


You were on level 15 of the Dungeon.
You worshipped Okawaru.
Okawaru was exalted by your worship.
You were hungry.

You visited 2 branches of the dungeon, and saw 23 of its levels.
You also visited: Ice Cave.

You collected 1290 gold pieces.
You spent 216 gold pieces at shops.

Inventory:

Hand Weapons
 L - a +3 triple sword of protection (weapon)
 W - a +5 demon blade of freezing
Armour
 c - a +0 shield
 e - a +2 pair of gloves of dexterity
 m - a +0 plate armour of poison resistance
 y - a +0 pair of boots (worn)
 I - a +9 plate armour of ponderousness (worn)
 S - a +1 cloak of invisibility (worn)
 Y - a +0 pair of gloves of strength (worn)
 Z - the +1 buckler of the Jackalope {MP+9 Str+4}
   (You found it on level 6 of the Lair of Beasts)

   It affects your strength (+4).
   It affects your magic capacity (+9).
Jewellery
 g - an uncursed ring of positive energy
 j - a +4 ring of protection (left hand)
 r - an uncursed ring of positive energy
 s - a +5 ring of slaying (right hand)
 v - an uncursed ring of sustain attributes
 C - an amulet of rage (around neck)
 K - an uncursed ring of resist corrosion
 T - a +5 ring of dexterity
Wands
 b - a wand of acid (6/15)
 p - a wand of lightning (3/15)
 D - a wand of digging (13/24)
 H - a wand of random effects (24/48)
 R - a wand of lightning (6/15)
 U - a wand of digging (13/24)
Scrolls
 a - 4 scrolls of fog
 d - 3 scrolls of noise
 h - 5 scrolls of immolation
 l - 10 scrolls of teleportation
 o - 4 scrolls of enchant armour
 u - 4 scrolls of remove curse
 x - 13 scrolls of identify {@*1}
 A - 2 scrolls of vulnerability {unknown}
 E - 2 scrolls of acquirement
 N - 2 scrolls of recharging
 Q - 2 scrolls of fear
Potions
 i - a potion of curing
 t - 2 potions of lignification
 w - 4 potions of flight
 z - 6 potions of agility
 B - 3 potions of resistance
 F - a potion of might
 P - a potion of berserk rage {unknown}
 V - a potion of magic
 X - 2 potions of heal wounds
Comestibles
 f - 11 bread rations
 n - 9 beef jerkies
 q - 17 meat rations
 G - 12 fruits


   Skills:
 * Level 16.5 Fighting
 * Level 18.9 Long Blades
 - Level 3.0 Throwing
 + Level 12.4 Armour
 + Level 11.3 Dodging
 - Level 9.7 Shields


You had 14 spell levels left.
You didn't know any spells.

Dungeon Overview and Level Annotations

Branches:
Dungeon (15/15)            Temple (0/1) D:6            Lair (8/8) D:9
 Shoals (0/4) Lair:3       Spider (0/4) Lair:6        Slime (0/6) Lair:8
 Vaults (0/5) D:13
    Orc: D:9-12      Depths: D:15

Altars:
Elyvilon
Okawaru
Xom

Shops:
D:5 :?=!}

Annotations:
D:7 Prince Ribbit


Innate Abilities, Weirdness & Mutations

You reflexively headbutt those who attack you in melee.
You have a pair of large horns on your head.
You are partially covered in thin metallic scales (AC +2).
Your mind is acute. (Int +2)


Message History

The ice dragon is almost dead.
The ice dragon barely misses you. You furiously retaliate!
You headbutt the ice dragon.
You kill the ice dragon!
Okawaru accepts your kill. The fire dragon bites you.
* * * LOW HITPOINT WARNING * * *
The fire dragon claws you but does no damage.
The fire dragon closely misses you.
You slice the fire dragon!!
The fire dragon is moderately wounded.
The fire dragon bites you.
* * * LOW HITPOINT WARNING * * *
The fire dragon claws you but does no damage.
The fire dragon closely misses you.
You closely miss the fire dragon. You headbutt the fire dragon.
The fire dragon is moderately wounded.
The fire dragon breathes flames at you. The blast of flame hits you!
You die...

#. .##### #.# ....##
#.# #...## #.#
##.8..####.# ..
#####.†....##..####....
........†D....<...!....
#########H.....<######
#....(...$.....
#..(....#######
#.......# #.......#
#########


You could see a fire dragon.

Vanquished Creatures
  Rupert (D:13)
  Maud (Lair:8)
  Donald (D:13)
  5 dire elephants (Lair:8)
  An ice dragon (D:15)
  Fannar (Lair:2)
  3 hydras
  A catoblepas (Lair:5)
  A death knight (D:13)
  9 death yaks
  An anaconda (Lair:8)
  A fire crab (Lair:7)
  2 skeletal warriors
  3 unseen horrors
  4 hill giants
  A lindwurm (Lair:8)
  An orc knight (D:14)
  An orb spider (Lair:6)
  14 ugly things
  3 griffons
  3 cyclopes
  A wolf spider zombie (D:12)
  3 manticores
  A wolf spider (D:13)
  3 black mambas
  10 elephants (Lair:8)
  4 gargoyles
  11 spiny frogs
  2 rime drakes (Lair:7)
  The ghost of Wooh the Gouger, a novice FeEn of Nemelex Xobeh (D:9)
  9 komodo dragons
  2 freezing wraiths (D:14)
  2 polar bears (Lair:7)
  2 trolls
  3 slime creatures (D:13)
  A two-headed ogre (D:10)
  19 blink frogs
  A snapping turtle (Lair:3)
  5 wraiths
  2 wyverns (Lair:7)
  31 yaks
  22 hippogriffs
  7 basilisks
  20 humans
  A steam dragon (Lair:7)
  2 vampire mosquitoes (D:12)
  2 mottled dragons (D:11)
  2 soldier ants
  8 water moccasins
  7 orc warriors
  14 porcupines
  3 sky beasts
  A wasp (D:14)
  2 black bears
  3 phantoms
  5 ice beasts
  6 centaurs
  5 ogres
  20 crocodiles
  A big kobold (D:13)
  16 giant frogs
  A wyvern zombie (D:14)
  2 scorpions
  21 killer bees
  10 wights
  8 howler monkeys
  3 crimson imps
  3 centaur zombies
  A quasit (D:14)
  8 hounds
  5 jellies
  14 orc priests
  9 orc wizards
  Ijyb (D:7)
  4 centaur skeletons
  4 giant frog skeletons
  4 iguanas
  12 worker ants
  19 sheep
  A hound zombie (D:10)
  A howler monkey skeleton (D:8)
  A worker ant zombie (D:8)
  10 gnolls
  77 river rats
  14 adders
  3 shadow imps
  An ooze (D:3)
  An adder zombie (D:7)
  2 worms (D:2)
  3 dart slugs
  3 giant geckos
  68 orcs
  3 ball pythons
  6 bats
  4 giant cockroaches
  10 goblins
  16 hobgoblins
  6 jackals
  6 quokkas
  7 giant newts
  22 kobolds
  5 rats
  3 plants (Lair:8)
720 creatures vanquished.

Vanquished Creatures (others)
  An orc wizard (D:5)
  3 white imps (IceCv)
  6 ufetubi (IceCv)
  A bush (Lair:7)
  31 fungi
  23 plants
65 creatures vanquished.

Grand Total: 785 creatures vanquished

Notes
Turn   | Place    | Note
--------------------------------------------------------------
     0 | D:1      | tyrsky the Minotaur Fighter began the quest for the Orb.
     0 | D:1      | Reached XP level 1. HP: 19/19 MP: 0/0
    54 | D:1      | Reached skill level 3 in Long Blades
   121 | D:1      | Reached XP level 2. HP: 16/26 MP: 1/1
   540 | D:2      | Reached skill level 4 in Long Blades
   547 | D:2      | Reached XP level 3. HP: 27/31 MP: 2/2
   849 | D:2      | Reached skill level 5 in Long Blades
   932 | D:2      | Reached XP level 4. HP: 32/39 MP: 3/3
   962 | D:2      | Gained mutation: You are partially covered in thin metallic scales (AC +2). [potion of mutation]
   962 | D:2      | Gained mutation: Your mind is acute. (Int +2) [potion of mutation]
   962 | D:2      | Gained mutation: You have a pair of large horns on your head. [potion of mutation]
  1065 | D:3      | Reached skill level 6 in Long Blades
  1798 | D:3      | Reached XP level 5. HP: 45/45 MP: 4/4
  1971 | D:4      | Noticed an ogre
  1978 | D:4      | Killed an ogre
  1978 | D:4      | Reached skill level 7 in Long Blades
  2084 | D:4      | Reached XP level 6. HP: 38/51 MP: 5/5
  2398 | D:4      | Reached skill level 8 in Long Blades
  2647 | D:4      | Reached skill level 9 in Long Blades
  2792 | D:4      | Reached XP level 7. HP: 47/57 MP: 6/6
  3077 | D:4      | Reached skill level 10 in Long Blades
  3200 | D:5      | Entered Level 5 of the Dungeon
  3265 | D:5      | Found an iron altar of Okawaru.
  3273 | D:5      | Became a worshipper of Warmaster Okawaru
  3288 | D:5      | Found Cann's Distillery.
  3683 | D:6      | Found a staircase to the Ecumenical Temple.
  3719 | D:5      | Reached skill level 11 in Long Blades
  3743 | D:5      | Found Meungue's Gadget Boutique.
  3744 | D:5      | Found a white marble altar of Elyvilon.
  3789 | D:5      | Reached XP level 8. HP: 48/64 MP: 7/7
  3843 | D:5      | Bought a potion of curing for 36 gold pieces
  3843 | D:5      | Bought a potion of heal wounds for 60 gold pieces
  3843 | D:5      | Bought a potion of heal wounds for 60 gold pieces
  3843 | D:5      | Bought a potion of heal wounds for 60 gold pieces
  3881 | D:5      | Found Qityb's Magic Scroll Shoppe.
  3887 | D:5      | Found Juxtuqal's Book Shop.
  3939 | D:5      | Reached * piety under Okawaru
  3939 | D:5      | Reached skill level 12 in Long Blades
  3971 | D:5      | Found Sagasiysch's Jewellery Shoppe.
  4016 | D:5      | Found a shimmering altar of Xom.
  4371 | D:6      | Reached skill level 13 in Long Blades
  4918 | D:7      | Reached ** piety under Okawaru
  4918 | D:7      | Reached XP level 9. HP: 61/70 MP: 8/8
  5343 | D:7      | Reached skill level 14 in Long Blades
  5417 | D:7      | Noticed a gargoyle
  5426 | D:7      | Killed a gargoyle
  5832 | D:8      | Reached skill level 15 in Long Blades
  6117 | D:7      | Noticed Ijyb
  6133 | D:7      | Reached *** piety under Okawaru
  6139 | D:7      | Reached skill level 16 in Long Blades
  6144 | D:7      | Killed Ijyb
  6148 | D:7      | Reached XP level 10. HP: 78/78 MP: 9/9
  6162 | D:7      | Reached skill level 1 in Dodging
  6481 | D:7      | Noticed Prince Ribbit
  7512 | D:9      | Noticed Wooh's ghost (novice FeEn)
  7825 | D:9      | Reached skill level 5 in Fighting
  7874 | D:9      | Reached **** piety under Okawaru
  8160 | D:8      | Reached skill level 5 in Armour
  8438 | D:9      | Reached skill level 5 in Shields
  8888 | D:9      | Found a staircase to the Lair.
  8915 | Lair:1   | Entered Level 1 of the Lair of Beasts
  8922 | Lair:1   | Reached ***** piety under Okawaru
  8962 | Lair:1   | Reached XP level 11. HP: 86/94 MP: 10/10
  9502 | Lair:1   | Reached skill level 5 in Dodging
  9958 | Lair:2   | Noticed Fannar
 10276 | Lair:2   | Killed Fannar
 10276 | Lair:2   | Received a gift from Okawaru
 10825 | Lair:2   | Reached skill level 10 in Fighting
 11571 | Lair:3   | Found a staircase to the Shoals.
 12792 | Lair:4   | Noticed a death yak
 12813 | Lair:4   | Killed a death yak
 12813 | Lair:4   | Reached XP level 12. HP: 96/110 MP: 11/11
 12827 | Lair:4   | Noticed a death yak
 12887 | Lair:3   | Noticed a four-headed hydra
 12898 | Lair:4   | Killed a death yak
 12902 | Lair:4   | Noticed a death yak
 12902 | Lair:4   | Noticed a death yak
 12913 | Lair:4   | Killed a death yak
 12931 | Lair:4   | Killed a death yak
 13789 | Lair:5   | Noticed an eight-headed hydra
 14165 | Lair:5   | Noticed a catoblepas
 14193 | Lair:5   | Killed a catoblepas
 14193 | Lair:5   | Reached skill level 1 in Throwing
 14878 | Lair:5   | Noticed a four-headed hydra
 14890 | Lair:5   | Killed an 11-headed hydra
 14890 | Lair:5   | Reached ****** piety under Okawaru
 15106 | Lair:5   | Received a gift from Okawaru
 15569 | Lair:6   | Found a hole to the Spider Nest.
 15613 | Lair:6   | Got a jewelled buckler
 15624 | Lair:6   | Identified the +1 buckler of the Jackalope {MP+9 Str+4} (You found it on level 6 of the Lair of Beasts)
 15659 | Lair:6   | Identified a scroll of acquirement
 15895 | Lair:6   | Found a frozen archway.
 15910 | IceCv    | Entered an ice cave
 16602 | Lair:7   | Reached XP level 13. HP: 106/119 MP: 12/12
 16687 | Lair:7   | Received a gift from Okawaru
 17068 | Lair:7   | Reached skill level 10 in Armour
 17518 | Lair:8   | Entered Level 8 of the Lair of Beasts
 17533 | Lair:8   | Received a gift from Okawaru
 17671 | Lair:8   | Received a gift from Okawaru
 17688 | Lair:8   | Noticed Maud
 17733 | Lair:8   | Reached skill level 17 in Long Blades
 17746 | Lair:8   | Killed Maud
 18140 | Lair:8   | Found a staircase to the Slime Pits.
 18359 | Lair:8   | Noticed a dire elephant
 18370 | Lair:8   | Killed a dire elephant
 18402 | Lair:8   | Noticed a dire elephant
 18410 | Lair:8   | Killed a dire elephant
 18472 | Lair:8   | Noticed a dire elephant
 18478 | Lair:8   | Killed a dire elephant
 18478 | Lair:8   | Reached XP level 14. HP: 123/133 MP: 13/13
 18589 | Lair:8   | Reached skill level 10 in Dodging
 18769 | D:9      | Killed Wooh's ghost
 18814 | D:10     | Entered Level 10 of the Dungeon
 19044 | D:10     | Reached skill level 15 in Fighting
 19348 | D:11     | Received a gift from Okawaru
 20326 | D:12     | Reached skill level 18 in Long Blades
 20492 | D:13     | Found a gate to the Vaults.
 20492 | D:13     | Noticed Rupert
 20492 | D:13     | Noticed Donald
 20697 | D:13     | Killed Rupert
 20856 | D:13     | Received a gift from Okawaru
 21156 | D:13     | Killed Donald
 22118 | D:14     | Reached XP level 15. HP: 144/144 MP: 14/14
 22464 | D:15     | Entered Level 15 of the Dungeon
 22501 | D:15     | Killed from afar by a fire dragon

Skill      XL: |  1  2  3  4  5  6  7  8  9 10 11 12 13 14 |
---------------+-------------------------------------------+-----
Long Blades    | 3 4 5 6 7 9 11 13 16 17 18 | 18.9
Fighting       | 8 11 12 14 16 | 16.5
Dodging        | 4 6 8 9 11 | 11.3
Armour         | 5 7 9 10 12 | 12.4
Shields        | 5 8 9 |  9.7
Throwing       | 3 |  3.0

Action                   |  1- 3 |  4- 6 |  7- 9 | 10-12 | 13-15 || total
-------------------------+-------+-------+-------+-------+-------++-------
Melee: Long sword        |    83 |   185 |   337 |   953 |       ||  1558
       Headbutt          |    13 |    17 |    55 |   208 |   151 ||   444
       Demon blade       |       |       |       |    42 |       ||    42
       Triple sword      |       |       |       |    35 |   641 ||   676
Throw: Stone             |    39 |   110 |   148 |   361 |    14 ||   672
       Javelin           |       |       |       |       |   115 ||   115
Invok: Heroism           |       |       |       |    12 |     1 ||    13
 Abil: Evoke Berserk Rag |       |       |       |     2 |       ||     2
  Use: Scroll            |       |     3 |     5 |    15 |     2 ||    25
       Potion            |       |     3 |     3 |     9 |     4 ||    19
  Eat: Chunk             |       |     6 |     9 |    21 |    12 ||    48
       Royal jelly       |       |       |     1 |     1 |       ||     2
       Meat ration       |       |       |       |     2 |       ||     2
       Pizza             |       |       |       |     1 |     2 ||     3
       Bread ration      |       |       |       |     1 |     1 ||     2
Armor: Scale mail        |    39 |    79 |    92 |     7 |       ||   217
       Plate armour      |       |       |       |   460 |   605 ||  1065
Dodge: Dodged            |    40 |    57 |    69 |   231 |   435 ||   832
Block: Shield            |    51 |    80 |   114 |   383 |       ||   628
